 Dungeon Crawl Stone Soup version 0.22-a0-567-gff9aefc (webtiles) character file.

14879 theanonym the Fighter (level 11, -5/93 HPs)
             Began as a Mummy Chaos Knight on June 29, 2018.
             Was an Initiate of Ru.
             Killed from afar by a raiju (6 damage)
             ... with a living lightning
             ... on level 3 of the Abyss.
             The game lasted 00:21:56 (11284 turns).

theanonym the Fighter (Mummy Chaos Knight)         Turns: 11284, Time: 00:21:56

Health: -5/93      AC: 21    Str: 19 (20) XL:     11   Next: 94%
Magic:  11/11      EV:  6    Int: 14      God:    Ru [......]
Gold:   250        SH:  4    Dex: 10 (11) Spells: 10/10 levels left

rFire    x . .     SeeInvis .   a - +8 short sword (chaos)
rCold    + . .     Gourm    .   p - +0 buckler
rNeg     + + +     Faith    .   D - +0 plate armour
rPois    ∞         Spirit   .   C - +1 helmet {Int+3}
rElec    .         Reflect  .   u - +1 cloak
rCorr    .         Harm     .   h - +1 pair of gloves
MR       +....                  m - +2 pair of boots
Stlth    ..........             (no amulet)
HPRegen  0.25/turn              i - +1 ring of evasion
MPRegen  0.12/turn              g - +2 ring of protection

@: no status effects
A: no food or potions, fire vulnerability, cold resistance 1, negative energy
resistance 3, torment resistance, unbreathing
a: Renounce Religion


Innate Abilities, Weirdness & Mutations

You do not eat or drink.
Your flesh is vulnerable to fire.
You are immune to poison.
Your flesh is cold resistant. (rC+)
You are immune to negative energy. (rN+++)
You are immune to unholy pain and torment.
You can survive without breathing.


   Skills:
 + Level 11.4 Fighting
 - Level 11.3(12.0) Short Blades
 - Level 6.8(10.0) Long Blades
 - Level 1.5 Armour
 - Level 0.7 Dodging
 + Level 3.0 Shields


You had 10 spell levels left.
You didn't know any spells.
Your spell library contained the following spells:

 Spells                   Type           Power        Failure   Level  Hunger
 Confuse                  Hex            #.......     100%        3    N/A
 Tukima's Dance           Hex            #.......     100%        3    N/A
 Ensorcelled Hibernation  Hex/Ice        #.....       100%        2    N/A
 Corona                   Hex            #......      100%        1    N/A
 Dazzling Spray           Conj/Hex       #.....       100%        3    N/A

Skill      XL: |  1  2  3  4  5  6  7  8  9 10 11 |
---------------+----------------------------------+-----
Long Blades    | 3 4 5 6 |  6.8
Fighting       | 4 5 6 7 9 10 11 | 11.4
Short Blades   | 4 7 9 11 | 11.3
Shields        | 3 |  3.0
Armour         | |  1.5
Dodging        | |  0.7

Action                   |  1- 3 |  4- 6 |  7- 9 | 10-12 || total
-------------------------+-------+-------+-------+-------++-------
Melee: Falchion          |    51 |   224 |   116 |       ||   391
       Short sword       |       |       |   307 |   301 ||   608
       Dagger            |       |       |    29 |       ||    29
Throw: Throwing net      |       |     2 |     1 |     6 ||     9
Invok: Reject Sacrifices |       |       |     1 |       ||     1
Evoke: Wand              |       |     1 |     4 |    12 ||    17
  Use: Scroll            |     4 |     2 |    15 |     9 ||    30
 Stab: Paralysed         |       |     7 |     8 |     8 ||    23
       Held in net/web   |       |     1 |     1 |     5 ||     7
       Distracted        |       |       |     1 |       ||     1
       Petrified         |       |       |     6 |       ||     6
       Confused          |       |       |       |     2 ||     2
       Petrifying        |       |       |       |     1 ||     1
Armor: Ring mail         |    21 |   106 |    93 |       ||   220
       Leather armour    |     5 |       |       |       ||     5
       Chain mail        |       |       |   126 |       ||   126
       Plate armour      |       |       |     5 |   113 ||   118
Dodge: Dodged            |    41 |   103 |   179 |    43 ||   366
Block: Buckler           |       |       |    28 |    11 ||    39
       Rpst.: Falchion   |    10 |    35 |    17 |       ||    62

Inventory:

Hand Weapons
 a - a +8 short sword of chaos (weapon)
   (You took it off an orc on level 6 of the Dungeon)
 b - a +2 dagger of electrocution
   (You took it off an orc wizard on level 5 of the Dungeon)
 c - a +0 falchion of chaos
 x - a +0 rapier of piercing
   (You found it on level 8 of the Dungeon)
Armour
 h - a +1 pair of gloves (worn)
   (You found it on level 2 of the Dungeon)
 m - a +2 pair of boots (worn)
   (You found it on level 3 of the Dungeon)
 o - a +0 chain mail
   (You took it off an orc on level 6 of the Dungeon)
 p - a +0 buckler (worn)
   (You found it on level 6 of the Dungeon)
 u - a +1 cloak (worn)
   (You took it off Crazy Yiuf on level 7 of the Dungeon)
 C - a +1 helmet of intelligence (worn)
   (You bought it in a shop on level 8 of the Dungeon)
 D - a +0 plate armour (worn)
   (You took it off an orc warrior on level 8 of the Dungeon)
Jewellery
 g - a +2 ring of protection (right hand)
   (You found it on level 1 of the Dungeon)
 i - a +1 ring of evasion (left hand)
   (You found it on level 1 of the Dungeon)
 l - an uncursed ring of resist corrosion
   (You found it on level 7 of the Dungeon)
Wands
 d - a wand of flame (24)
   (You took it off Natasha on level 1 of the Dungeon)
 j - a wand of paralysis (1)
   (You took it off Ijyb on level 3 of the Dungeon)
 v - a wand of acid (13)
   (You found it on level 6 of the Dungeon)
 z - a wand of enslavement (18)
   (You found it on level 8 of the Dungeon)
Scrolls
 f - a scroll of fog
 n - a scroll of remove curse
 s - a scroll of enchant armour
 w - a scroll of immolation
 y - a scroll of magic mapping
 A - a scroll of amnesia


You were on level 3 of the Abyss.
You worshipped Ru.
Ru was noncommittal.
You were not hungry.

You visited 2 branches of the dungeon, and saw 10 of its levels.
You visited the Abyss 2 times.

You collected 511 gold pieces.
You spent 261 gold pieces at shops.

Dungeon Overview and Level Annotations

Branches:
Dungeon (9/15)             Temple (1/1) D:7            Lair (0/6) D:9
    Orc: D:9-12

Altars:
Dithmenos
Gozag
Hepliaklqana
Kikubaaqudgha
Nemelex Xobeh
Qazlal
Ru
Sif Muna
Xom
Yredelemnul
Zin

Shops:
D:7 * D:8

[ # . #
#. # .
#. #.##
#. #.##
### .
.#..##.#
##
#..h####
# #.
#.∩@.# #
# #
##h###
... .#.
#h## #
#§# #. #
#.v . ..
.#.#
.##§# .
. ### .
# .###


You could see 3 raiju.

Notes
Turn   | Place    | Note
-------+----------+-------------------------------------------
     0 | D:1      | theanonym the Mummy Chaos Knight began the quest for the Orb.
     0 | D:1      | Reached XP level 1. HP: 18/18 MP: 1/1
    19 | D:1      | XOM: divination: detect creatures
   187 | D:1      | Reached XP level 2. HP: 24/24 MP: 2/2
   291 | D:1      | XOM: harmless Hex miscast
   369 | D:1      | Reached skill level 3 in Long Blades
   482 | D:2      | XOM: medium Tloc miscast
   482 | D:2      | Cast into level 1 of the Abyss (the capriciousness of Xom)
   488 | Abyss:1  | XOM: mild Hex miscast
   561 | Abyss:1  | Noticed a small abomination
   570 | Abyss:1  | XOM: cast spell 'Alistair's Intoxication'
   570 | Abyss:1  | HP: 9/24 [small abomination (13)]
   571 | Abyss:1  | HP: 3/24 [small abomination (6)]
   577 | D:2      | Escaped the Abyss
   728 | D:2      | XOM: silly message
   783 | D:2      | XOM: harmless Summ miscast
   834 | D:2      | XOM: 1-stop teleportation journey
   843 | D:2      | XOM: scenery: 1 doors close
   876 | D:2      | XOM: polymorph kobold -> dart slug
   887 | D:2      | XOM: scenery: create altars
  1000 | D:2      | Noticed Natasha
  1001 | D:2      | Noticed a crimson imp
  1005 | D:2      | Noticed Natasha
  1005 | D:2      | Natasha changed into Natasha the iguana
  1005 | D:2      | XOM: polymorph Natasha -> Natasha the iguana
  1012 | D:1      | Killed Natasha the iguana
  1012 | D:1      | Reached XP level 3. HP: 19/29 MP: 3/3
  1066 | D:1      | Noticed Natasha
  1071 | D:1      | Killed Natasha
  1071 | D:1      | Reached XP level 4. HP: 29/37 MP: 4/4
  1336 | D:1      | Noticed Natasha
  1339 | D:1      | XOM: divination: detect creatures
  1344 | D:1      | Killed Natasha
  1421 | D:2      | Reached skill level 4 in Fighting
  1421 | D:2      | Reached skill level 4 in Long Blades
  1429 | D:2      | Reached XP level 5. HP: 38/42 MP: 5/5
  1467 | D:2      | Found a shadowy altar of Dithmenos.
  1779 | D:2      | XOM: mild Fire miscast
  2188 | D:3      | XOM: scenery: 2 doors open, 1 doors close
  2529 | D:3      | Noticed Ijyb
  2530 | D:3      | Paralysed by Ijyb for 4 turns
  2531 | D:3      | XOM: potion effect (brilliance)
  2540 | D:3      | Killed Ijyb
  2572 | D:3      | XOM: divination: detect creatures
  2677 | D:3      | Reached XP level 6. HP: 44/49 MP: 6/6
  2683 | D:3      | XOM: scenery: create altars
  2754 | D:3      | XOM: noise
  3164 | D:4      | Reached skill level 5 in Long Blades
  3319 | D:4      | Found the +8 glaive of the Guard {elec, +Rage AC+5 SInv}
  3424 | D:4      | Reached skill level 5 in Fighting
  3440 | D:4      | HP: 16/51 [ogre/giant club (17)]
  3449 | D:4      | Reached XP level 7. HP: 18/56 MP: 7/7
  3706 | D:5      | Entered Level 5 of the Dungeon
  3706 | D:5      | XOM: harmless Chrm miscast
  3724 | D:5      | HP: 27/56 [scorpion (3)]
  3730 | D:5      | HP: 12/56 [scorpion (7)]
  3971 | D:5      | XOM: cloud trail
  3995 | D:5      | HP: 26/56 [ogre/giant club (18)]
  3995 | D:5      | XOM: smoke on damage
  3999 | D:5      | Reached skill level 6 in Long Blades
  4300 | D:4      | XOM: divination: magic mapping
  4376 | D:5      | XOM: polymorph orc -> quokka
  4422 | D:5      | Noticed Dowan
  4436 | D:5      | XOM: summons 3 friendly demons
  4439 | D:5      | Killed Dowan
  4542 | D:5      | XOM: divination: detect creatures
  4553 | D:5      | XOM: silly message
  4584 | D:5      | Noticed Duvessa
  4584 | D:5      | XOM: summons 7 friendly demons
  4596 | D:5      | Killed Duvessa
  4710 | D:6      | XOM: chaos upgrade
  4744 | D:6      | Reached skill level 6 in Fighting
  4758 | D:6      | Reached XP level 8. HP: 41/64 MP: 8/8
  4887 | D:6      | Reached skill level 1 in Short Blades
  4995 | D:6      | Reached skill level 2 in Short Blades
  5011 | D:6      | HP: 31/65 [something (18)]
  5013 | D:6      | HP: 15/65 [something (16)]
  5291 | D:6      | XOM: divination: magic mapping
  5293 | D:5      | XOM: harmless Hex miscast
  5335 | D:6      | HP: 32/65 [iguana (6)]
  5339 | D:5      | XOM: potion effect (curing)
  5525 | D:6      | Reached skill level 3 in Short Blades
  5570 | D:6      | XOM: mild Ice miscast
  5621 | D:6      | XOM: silly message
  5647 | D:6      | Reached skill level 7 in Fighting
  5680 | D:6      | Reached skill level 4 in Short Blades
  5683 | D:6      | XOM: harmless Air miscast
  5896 | D:6      | XOM: silly message
  6087 | D:6      | XOM: cloud trail
  6160 | D:7      | Paralysed by you for 4 turns
  6179 | D:7      | XOM: potion effect (agility)
  6182 | D:7      | XOM: noise
  6209 | D:7      | Found a staircase to the Ecumenical Temple.
  6210 | D:7      | Found Okladghott's General Store.
  6218 | Temple   | Entered the Ecumenical Temple
  6260 | Temple   | Fell from the grace of Xom
  6260 | Temple   | Became a worshipper of Ru the Awakened
  6297 | D:7      | Bought a scroll of identify for 26 gold pieces
  6297 | D:7      | Bought 2 throwing nets for 78 gold pieces
  6310 | D:7      | Reached XP level 9. HP: 66/72 MP: 9/9
  6368 | D:7      | Noticed Pikel
  6414 | D:6      | Reached skill level 5 in Short Blades
  6480 | D:7      | Killed Pikel
  6480 | D:7      | Reached skill level 8 in Fighting
  6652 | D:7      | Reached skill level 6 in Short Blades
  6788 | D:7      | XOM: stat loss: -3 Int (8/11)
  7177 | D:7      | Found a runed door.
  7459 | D:7      | Noticed Crazy Yiuf
  7464 | D:7      | Killed Crazy Yiuf
  7548 | D:8      | Found Vophojy's Antique Armour Shoppe.
  7566 | D:8      | Bought a runed helmet for 157 gold pieces
  7625 | D:8      | Found a sparkling altar of Nemelex Xobeh.
  7641 | D:8      | Reached skill level 7 in Short Blades
  7980 | D:8      | XOM: mild Conj miscast
  8089 | D:9      | Noticed a death yak
  8089 | D:9      | Noticed a death yak
  8089 | D:9      | Noticed a death yak
  8089 | D:9      | Noticed a death yak
  8106 | D:9      | XOM: confusion
  8114 | D:9      | HP: 34/75 [death yak (15)]
  8127 | D:9      | HP: 33/75 [death yak (4)]
  8131 | D:9      | Killed a death yak
  8131 | D:9      | Reached skill level 9 in Fighting
  8131 | D:9      | Reached XP level 10. HP: 38/83 MP: 10/10
  8321 | D:9      | Noticed a death yak
  8322 | D:9      | Noticed a death yak
  8415 | D:8      | HP: 39/83 [death yak (8)]
  8420 | D:8      | Killed a death yak
  8420 | D:8      | Reached skill level 8 in Short Blades
  8622 | D:8      | Killed a death yak
  8678 | D:9      | Found a staircase to the Lair.
  8736 | D:9      | Noticed a two-headed ogre
  8747 | D:9      | Killed a two-headed ogre
  8747 | D:9      | Reached skill level 9 in Short Blades
  8844 | D:9      | Noticed Psyche
  8849 | D:9      | Killed Psyche
  8849 | D:9      | Reached skill level 10 in Fighting
  8951 | D:9      | Found a runed gate.
  8952 | D:9      | Found a runed gate.
  8952 | D:9      | Found a runed gate.
  8953 | D:9      | Noticed emperorscorpion's ghost (novice CeBe)
  9083 | D:9      | XOM: confusion
  9096 | D:9      | Reached XP level 11. HP: 53/91 MP: 11/11
  9298 | D:9      | Killed emperorscorpion's ghost
  9298 | D:9      | Reached skill level 10 in Short Blades
  9469 | D:9      | Killed a death yak
  9484 | D:9      | Killed a death yak
  9541 | D:9      | HP: 46/92 [death yak (13)]
  9547 | D:9      | Killed a death yak
  9585 | D:9      | XOM: severe Hex miscast
  9642 | D:9      | XOM: summons 4 hostile shadow creatures
 10129 | D:9      | XOM: severe Summ miscast
 10130 | D:9      | Cast into level 3 of the Abyss (the severe capriciousness of Xom)
 10138 | Abyss:3  | Noticed a thrashing horror
 10219 | Abyss:3  | Noticed a deep elf mage
 10222 | Abyss:3  | Noticed a thrashing horror
 10230 | Abyss:3  | Killed a deep elf mage
 10663 | Abyss:3  | Noticed a wretched star
 10714 | Abyss:3  | Reached skill level 1 in Shields
 10727 | Abyss:3  | Reached skill level 11 in Fighting
 10734 | Abyss:3  | HP: 36/93 [wretched star/orb of energy (21)]
 10741 | Abyss:3  | Noticed a spatial maelstrom
 10741 | Abyss:3  | HP: 17/93 [wretched star/orb of energy (21)]
 10743 | Abyss:3  | Noticed a thrashing horror
 10747 | Abyss:3  | HP: 17/93 [vampire mosquito (1)]
 10791 | Abyss:3  | Noticed a phantasmal warrior
 10791 | Abyss:3  | Found a corrupted altar of Lugonu.
 10796 | Abyss:3  | Noticed a daeva
 10796 | Abyss:3  | HP: 16/93 [daeva/divine providence (13)]
 10806 | Abyss:3  | HP: 6/93 [daeva/divine providence (13)]
 10816 | Abyss:3  | HP: 2/93 [ancient zyme (6)]
 10909 | Abyss:3  | Noticed a tentacled starspawn
 10963 | Abyss:3  | Killed a tentacled starspawn
 10963 | Abyss:3  | Reached skill level 11 in Short Blades
 10963 | Abyss:3  | Reached skill level 2 in Shields
 11214 | Abyss:3  | Noticed a merfolk impaler
 11216 | Abyss:3  | Noticed a blizzard demon
 11247 | Abyss:3  | Killed a merfolk impaler
 11271 | Abyss:3  | HP: 36/93 [blizzard demon/bolt of lightning (19)]
 11275 | Abyss:3  | Killed a blizzard demon
 11277 | Abyss:3  | HP: 16/93 [raiju/living lightning (6)]
 11281 | Abyss:3  | Reached skill level 3 in Shields
 11282 | Abyss:3  | HP: 16/93 [raiju/living lightning (1)]
 11283 | Abyss:3  | HP: 1/93 [raiju/living lightning (10)]
 11284 | Abyss:3  | Killed from afar by a raiju

Vanquished Creatures
  A tentacled starspawn (Abyss:3)
  A blizzard demon (Abyss:3)
  A merfolk impaler (Abyss:3)
  The ghost of emperorscorpion the Skirmisher, a novice CeBe of Trog (D:9)
  A two-headed ogre (D:9)
  6 death yaks
  Pikel (D:7)
  A deep elf mage (Abyss:3)
  Psyche (D:9)
  2 hornets (Abyss:3)
  2 raiju (Abyss:3)
  A wyvern (D:9)
  6 yaks (D:9)
  2 vampire mosquitoes (Abyss:3)
  Duvessa (D:5)
  3 sky beasts
  2 black bears
  4 ice beasts
  2 orc warriors
  An eye of draining (D:9)
  2 slaves
  A necrophage (D:8)
  5 ogres
  A centaur (shapeshifter) (D:7)
  A centaur (D:6)
  A big kobold (D:8)
  3 bullfrogs
  5 scorpions
  A wyvern skeleton (D:9)
  A howler monkey (D:6)
  3 crimson imps
  3 bullfrog zombies
  2 quasits
  3 jellies
  3 orc priests
  6 hounds
  5 orc wizards
  A bullfrog skeleton (D:7)
  2 iguanas
  Crazy Yiuf (D:7)
  Ijyb (D:3)
  Natasha (twice) (D:1)
  8 worker ants
  A hound skeleton (D:7)
  7 adders
  7 gnolls
  A shadow imp (D:7)
  An ooze (D:3)
  An adder zombie (D:5)
  3 worms
  4 dart slugs
  A leopard gecko (D:9)
  26 orcs
  4 giant cockroaches
  7 goblins
  7 hobgoblins
  4 jackals
  3 quokkas
  2 ball pythons
  5 bats
  10 frilled lizards
  9 kobolds
  2 quokka skeletons
  A quokka zombie (D:6)
  5 rats
212 creatures vanquished.

Vanquished Creatures (collateral kills)
  Dowan (D:5)
  An adder (D:4)
2 creatures vanquished.

Vanquished Creatures (others)
  A slave (D:7)
  A lurking horror (Abyss:3)
  A starspawn tentacle (Abyss:3)
3 creatures vanquished.

Grand Total: 217 creatures vanquished

Table legend:
 A = Turns spent in this place as a percentage of turns spent in the entire game.
 B = Non-inter-level travel turns spent in this place as a percentage of non-inter-level travel turns spent in the entire game.
 C = Inter-level travel turns spent in this place as a percentage of turns spent in this place.
 D = Turns resting spent in this place as a percentage of non-inter-level travel turns spent in this place.
 E = Turns spent auto-exploring this place as a percentage of non-inter-level travel turns spent in this place.
 F = Non-inter-level travel turns spent in this place divided by the number of levels of this place that you've seen.
                   A       B       C       D       E      F
               +-------+-------+-------+-------+-------+----------------------
         Total | 100.0 | 100.0 |   2.9 |  31.2 |  47.6 | 913.1
       Dungeon |  88.3 |  88.2 |   3.0 |  27.6 |  51.8 | 1073.7
        Temple |   0.6 |   0.4 |  34.8 |   0.0 |  75.6 |  45.0
         Abyss |  11.1 |  11.4 |   0.0 |  60.8 |  13.8 | 624.5
               +-------+-------+-------+-------+-------+----------------------
